 Dungeon Crawl Stone Soup version 0.24-a0-181-gd121a6d (webtiles) character file.

Game seed: 4838520212277624596

1019 galech the Chopper (level 8, -1/61 HPs)
             Began as a Demonspawn Fighter on Mar 14, 2019.
             Slain by an ogre
             ... wielding a +0 giant club
              (4 damage)
             ... on level 7 of the Dungeon.
             The game lasted 00:05:34 (3779 turns).

galech the Chopper (Demonspawn Fighter)             Turns: 3779, Time: 00:05:34

Health: -1/61      AC: 10    Str: 17    XL:     8   Next: 2%
Magic:  2/2        EV:  5    Int: 14    God:
Gold:   88         SH:  9    Dex: 14    Spells: 7/7 levels left

rFire    + + +     SeeInvis .   s - +9 spear of Dismemberment {antimagic, +Blink rF++ MR+ Int+4}
rCold    . . .     Gourm    .   c - +0 shield
rNeg     . . .     Faith    .   o - +0 chain mail
rPois    .         Spirit   .   (no helmet)
rElec    .         Reflect  .   q - +0 cloak
rCorr    .         Harm     .   (no gloves)
MR       +....                  (boots unavailable)
Stlth    ..........             (no amulet)
HPRegen  0.20/turn              r - ring of fire
MPRegen  0.08/turn              (no ring)

@: no status effects
A: talons 3, cold resistance 1
a: Evoke Blink


You were on level 7 of the Dungeon.
You were not hungry.

You visited 2 branches of the dungeon, and saw 7 of its levels.
You also visited: Sewer.

You collected 88 gold pieces.

Inventory:

Hand Weapons
 a - a +0 war axe
 s - the +9 spear of Dismemberment (weapon) {antimagic, +Blink rF++ MR+ Int+4}
   (You found it on level 4 of the Dungeon)

   It reduces the magical energy of the wielder, and disrupts the spells and
   magical abilities of those hit.
   Natural abilities and divine invocations are not affected.
   It affects your intelligence (+4).
   It greatly protects you from fire.
   It affects your resistance to hostile enchantments.
   It lets you blink.
Armour
 c - a +0 shield (worn)
 o - a +0 chain mail (worn)
 q - a +0 cloak (worn)
Jewellery
 r - a ring of fire (left hand)
Scrolls
 b - a scroll of amnesia
 d - 2 scrolls of remove curse
 e - 2 scrolls of teleportation
 j - 2 scrolls of enchant armour
Potions
 g - a potion of haste {unknown}
 i - 2 potions of lignification {unknown}
 k - 3 potions of flight
 l - 7 potions of curing {unknown}
 m - a potion of mutation {unknown}
 n - 3 potions of heal wounds {unknown}
 p - a potion of brilliance {unknown}
 u - a potion of degeneration {unknown}
 v - a potion of might
Comestibles
 f - 4 rations


   Skills:
 + Level 4.8 Fighting
 + Level 5.3(5.5) Axes
 + Level 1.9(3.9) Polearms
 + Level 4.8 Armour
 + Level 1.3 Dodging
 + Level 0.7 Stealth
 + Level 3.9 Shields


You had 7 spell levels left.
You didn't know any spells.
Your spell library was empty.

Dungeon Overview and Level Annotations

Branches:
Dungeon (5/15)             Temple (1/1) D:4

Altars:
Ashenzari
Cheibriados
Dithmenos
Gozag
Hepliaklqana
Kikubaaqudgha
Makhleb
Nemelex Xobeh
Ru
Sif Muna
Trog
Uskayaw
Xom
Yredelemnul
The Shining One


Innate Abilities, Weirdness & Mutations

You have claws for feet.
Your flesh is cold resistant. (rC+)


Message History

You are too injured to fight recklessly!
You are too injured to fight recklessly!
You are too injured to fight recklessly!
You are too injured to fight recklessly!
You are too injured to fight recklessly!
You are too injured to fight recklessly!
You hit the ogre. You claw the ogre.
The ogre is moderately wounded.
You block the ogre's attack.
You puncture the ogre! You claw the ogre!
The ogre is severely wounded.
Your chain mail prevents you from hitting the ogre.
Your kick misses the ogre.
The ogre is severely wounded.
The ogre hits you with a +0 giant club!!
* * * LOW HITPOINT WARNING * * *
You hit the ogre. You claw the ogre, but do no damage.
The ogre is almost dead.
The ogre hits you with a +0 giant club.
You die...

#)#...# .#
###.....#
##.#####.....###
............##
............#
#..
#...........##
#..
#............#
#...
#O...........#
#...
#@...........#
...
#(..........##
#.##(......|...#
#..(...........#
#.#............#
# #............#
#.############
#.# #.#


You could see an ogre.

Vanquished Creatures
  Sigmund (D:4)
  A centaur (D:7)
  2 bullfrogs
  2 big kobolds
  An orc priest (D:3)
  5 orc wizards
  Jessica (D:2)
  Natasha (thrice) (D:2)
  Terence (D:2)
  2 worker ants (D:4)
  4 adders
  A river rat (Sewer)
  A shadow imp (D:3)
  An ooze (D:1)
  2 worms (D:2)
  5 dart slugs
  3 leopard geckos
  10 orcs (D:3)
  8 giant cockroaches
  3 goblins
  11 hobgoblins
  4 jackals
  18 kobolds
  A quokka (D:4)
  7 bats
  4 frilled lizards
  6 rats
108 creatures vanquished.

Notes
Turn   | Place    | Note
-------+----------+-------------------------------------------
     0 | D:1      | galech the Demonspawn Fighter began the quest for the Orb.
     0 | D:1      | Reached XP level 1. HP: 18/18 MP: 1/1
   175 | D:1      | Gained mutation: Your flesh is cold resistant. (rC+)
                  | [demonic ancestry]
   175 | D:1      | Reached XP level 2. HP: 14/24 MP: 2/2
   319 | D:1      | Reached skill level 2 in Axes
   570 | D:1      | Reached XP level 3. HP: 29/29 MP: 3/3
   988 | D:2      | Found a faded altar of an unknown god.
  1032 | D:2      | Noticed Terence
  1046 | D:2      | Killed Terence
  1046 | D:2      | Gained mutation: You have sharp toenails. [demonic
                  | ancestry]
  1046 | D:2      | Reached XP level 4. HP: 27/35 MP: 4/4
  1115 | D:2      | Noticed Jessica
  1120 | D:2      | Killed Jessica
  1120 | D:2      | Reached skill level 3 in Axes
  1202 | D:2      | Noticed Natasha
  1208 | D:2      | Killed Natasha
  1208 | D:2      | Reached XP level 5. HP: 37/41 MP: 5/5
  1219 | D:2      | Reached skill level 1 in Dodging
  1232 | D:2      | Found a snail-covered altar of Cheibriados.
  1466 | D:2      | Noticed Natasha
  1474 | D:2      | Killed Natasha
  1592 | D:2      | Noticed Natasha
  1599 | D:2      | Killed Natasha
  1902 | D:3      | Reached XP level 6. HP: 13/48 MP: 6/6
  2139 | D:3      | Found a glowing drain.
  2165 | Sewer    | Entered a sewer
  2398 | Sewer    | Found a white marble altar of Elyvilon.
  2549 | D:3      | Reached skill level 4 in Axes
  2924 | D:3      | Found a shadowy altar of Dithmenos.
  2978 | D:4      | Found a staircase to the Ecumenical Temple.
  2994 | Temple   | Entered the Ecumenical Temple
  3196 | D:4      | Got a polished spear
  3197 | D:4      | Identified the +9 spear of Dismemberment {antimagic, +Blink
                  | rF++ MR+ Int+4} (You found it on level 4 of the Dungeon)
  3257 | D:4      | Gained mutation: You have razor-sharp toenails. [demonic
                  | ancestry]
  3257 | D:4      | Reached XP level 7. HP: 52/55 MP: 2/7
  3352 | D:4      | Noticed Sigmund
  3360 | D:4      | Killed Sigmund
  3360 | D:4      | Reached skill level 5 in Axes
  3360 | D:4      | Reached skill level 1 in Polearms
  3530 | D:4      | Found a deep blue altar of Sif Muna.
  3714 | D:5      | Entered Level 5 of the Dungeon
  3718 | D:5      | You fall through a shaft for 2 floors!
  3774 | D:7      | Gained mutation: You have claws for feet. [demonic
                  | ancestry]
  3774 | D:7      | Reached XP level 8. HP: 33/61 MP: 2/8
  3778 | D:7      | HP: 3/61 [ogre/+0 giant club (23)]
  3779 | D:7      | Slain by an ogre

Levels and vault maps discovered:
D:1:      lightli_arrival_farm, layout_loops_ring
D:2:      layout_rooms, kennysheep_slug_shrine,
          chequers_ecumenical_altar_island, uniq_terence, uniq_natasha,
          uniq_jessica
D:3:      layout_rooms, grunt_dithmenos_smoke, portal_sewer_entry_f
D:4:      layout_basic, led_sif_book, minmay_temple_entry_crystal_x,
          uniq_sigmund
D:5:      layout_basic, first_ration, serial_shops, shop_statue,
          fedhas_bush_and_centaur_altar, uniq_menkaure
D:7:      layout_basic, enter_bailey_2, uniq_pikel
Temple:   minmay_temple_bridge_abc
Sewer:    sewer_kobolds

Skill      XL: |  1  2  3  4  5  6  7 |
---------------+----------------------+-----
Axes           | 2 3 4 5 |  5.3
Shields        | 3 |  3.9
Armour         | 3 4 |  4.8
Dodging        | 1 |  1.3
Fighting       | 4 |  4.8
Polearms       | 1 |  1.9
Stealth        | |  0.7

Action                   |  1- 3 |  4- 6 |  7- 9 || total
-------------------------+-------+-------+-------++-------
Melee: War axe           |   106 |   186 |       ||   292
       Kick              |       |    54 |     8 ||    62
       Spear             |       |     8 |    51 ||    59
  Use: Scroll            |       |     3 |     2 ||     5
       Potion            |       |     2 |       ||     2
  Eat: Chunk             |     1 |     7 |     2 ||    10
Armor: Scale mail        |    68 |       |       ||    68
       Chain mail        |       |   120 |     7 ||   127
Dodge: Dodged            |    25 |    42 |     5 ||    72
Block: Shield            |    60 |   100 |    10 ||   170

Table legend:
 A = Non-vault XP
 B = Vault XP
 C = Vault XP percentage of total XP
 D = Non-vault monster count
 E = Vault monster count
 F = Vault count percentage of total count
                 A         B        C        D         E       F
            +---------+---------+-------+---------+---------+-------
      Total |     912 |     544 |  37.4 |      88 |      20 |  18.5
            +---------+---------+-------+---------+---------+-------
        D:1 |      44 |       0 |   0.0 |      20 |       0 |   0.0
        D:2 |     135 |     113 |  45.6 |      22 |       4 |  15.4
        D:3 |     252 |      11 |   4.2 |      31 |       5 |  13.9
        D:4 |     174 |     303 |  63.5 |       7 |       3 |  30.0
        D:7 |     307 |       0 |   0.0 |       8 |       0 |   0.0
      Sewer |       0 |     117 | 100.0 |       0 |       8 | 100.0
            +---------+---------+-------+---------+---------+-------
